 Dungeon Sprint DCSS version 0.20.1-1-g8b1a95d (webtiles) character file.

3088 Kingsmith the Fighter (level 9, -2/89 HPs)
             Began as a Centaur Fighter on Dec 12, 2017.
             Was a High Priest of the Shining One.
             Slain by a catoblepas (30 damage)
             ... in the Dungeon (Sprint IX: "|||||||||||||||||||||||||||||").
             The game lasted 00:02:07 (907 turns).

Kingsmith the Fighter (Centaur Fighter)              Turns: 907, Time: 00:02:07

Health: -2/89      AC: 13    Str: 22    XL:     9   Next: 59%
Magic:  9/9        EV:  8    Int:  7    God:    the Shining One [*****.]
Gold:   0          SH: 11    Dex: 11    Spells: 8/8 levels left

rFire    . . .     SeeInvis .   t - +2 scimitar "Lifebane" {holy, rPois rN+++ MR- Str+2}
rCold    . . .     Gourm    .   c - +0 shield
rNeg     + + +     Faith    .   q - +1 chain mail
rPois    +         Spirit   .   p - +0 helmet
rElec    .         Reflect  .   (no cloak)
rCorr    .         Harm     .   o - +0 pair of gloves
MR       .....     NoTele   +   (no barding)
Stlth    ..........             (no amulet)
Regen    0.3/turn               (no ring)
MPRegen  0.2/turn               (no ring)

@: lethally poisoned (-2 -> -4), glowing, very quick
A: hooves 3, deformed body, speed 2, tough skin 3
a: Divine Shield, Cleansing Flame, Summon Divine Warrior, Renounce Religion


You were in the Dungeon.
You worshipped the Shining One.
The Shining One was extremely pleased with you.
You were not hungry.

You visited 1 branch

Inventory:

Hand Weapons
 t - the +2 scimitar "Lifebane" (weapon) {holy, rPois rN+++ MR- Str+2}
   (You found it in the Dungeon)

   It has been blessed by the Shining One to cause great damage to the undead
   and demons.
   It affects your strength (+2).
   It protects you from poison.
   It renders you almost immune to negative energy.
   It affects your resistance to hostile enchantments.
Armour
 c - a +0 shield (worn)
 o - a +0 pair of gloves (worn)
 p - a +0 helmet (worn)
 q - a +1 chain mail (worn)
Jewellery
 r - a +3 ring of dexterity
 s - a +3 ring of strength
Wands
 n - a wand of iceblast (7/15)
Scrolls
 j - 3 scrolls of remove curse
 k - 2 scrolls of blinking
 l - 2 scrolls of identify
 m - 2 scrolls of amnesia
 u - 4 scrolls of fear
 v - 2 scrolls of enchant weapon
 w - 2 scrolls of enchant armour
Potions
 a - 2 potions of brilliance
 b - 2 potions of agility
 d - a potion of might
 e - 7 potions of curing
 g - 6 potions of heal wounds
 h - a potion of haste
 i - 4 potions of magic
Comestibles
 f - a bread ration


   Skills:
 * Level 11.0 Fighting
 * Level 10.0 Long Blades
 * Level 8.5 Armour
 + Level 5.6 Dodging
 * Level 8.5 Shields


You had 8 spell levels left.
You didn't know any spells.

Dungeon Overview and Level Annotations

Branches:
Dungeon (1/1)

Altars:
Cheibriados
Dithmenos
Elyvilon
Fedhas
Gozag
Hepliaklqana
Kikubaaqudgha
Makhleb
Nemelex Xobeh
Okawaru
Qazlal
Ru
Sif Muna
Trog
Uskayaw
Vehumet
Xom
Yredelemnul
Zin
The Shining One
Beogh
Jiyva
Lugonu


Innate Abilities, Weirdness & Mutations

You have hooves in place of feet.
Armour fits poorly on your strangely shaped body.
You cover ground very quickly.
You have extremely tough skin. (AC +3)


Message History

You block the catoblepas's attack.
There is an open door, spattered with blood here.
You hit the catoblepas. Your kick misses the catoblepas.
The catoblepas is lightly wounded.
You feel sick.
The catoblepas gores you but does no damage.
You slash the catoblepas! You kick the catoblepas!
The catoblepas is moderately wounded.
The catoblepas gores you!
You can now summon a divine warrior.
A blink frog comes into view.
The blink frog gives a loud, deep croak!
You hit the catoblepas but do no damage.
You kick the catoblepas, but do no damage.
The catoblepas is moderately wounded.
You feel sick.
The blink frog blinks!
The catoblepas gores you!!
You hit the catoblepas but do no damage.
The catoblepas is moderately wounded.
The blink frog blinks!
The catoblepas gores you!!
You die...

▓.▓.▓_▓
▓.▓.▓_▓
▓.▓.▓_▓
▓.▓.▓_▓
▓F▓.▓_▓
▓.▓.▓_▓
▓.▓.▓_▓
▓.▓.▓_▓
▓@▓.▓_▓
▓Y▓.▓_▓
▓l▓.▓_▓
▓.▓.▓_▓
▓S▓.▓_▓
▓r▓.▓.▓
▓r▓.▓_▓
▓§▓.▓_▓
▓.▓_▓


You could see a catoblepas, a basilisk, a blink frog, a water moccasin and 2
porcupines.

Vanquished Creatures
  An unseen horror (D)
  2 spiny frogs (D)
  A hippogriff (D)
  A slime creature (D)
  A wraith (D)
  A yak (D)
  2 basilisks (D)
  A soldier ant (D)
  A water moccasin (D)
  A porcupine (D)
  An ice beast (D)
  An ogre (D)
  An orc warrior (D)
  2 crocodiles (D)
  A big kobold (D)
  3 bullfrogs (D)
  An iguana (D)
  A worker ant (D)
  An adder zombie (D)
  An orc (D)
  3 bats (D)
  A bat skeleton (D)
  A giant cockroach (D)
  A goblin (D)
  A kobold (D)
  A quokka skeleton (D)
33 creatures vanquished.

Notes
Turn   | Place    | Note
-------+----------+-------------------------------------------
     0 | D        | Kingsmith the Centaur Fighter began the quest for the Orb.
     0 | D        | Reached XP level 1. HP: 19/19 MP: 1/1
    35 | D        | Noticed an iguana
    39 | D        | Killed an iguana
    39 | D        | Reached skill level 4 in Fighting
    39 | D        | Reached skill level 1 in Dodging
    39 | D        | Reached XP level 2. HP: 27/27 MP: 2/2
    39 | D        | Reached XP level 3. HP: 33/33 MP: 3/3
    57 | D        | Found a roughly hewn altar of Beogh.
    57 | D        | Found a snail-covered altar of Cheibriados.
    57 | D        | Found a shadowy altar of Dithmenos.
    57 | D        | Found a white marble altar of Elyvilon.
    57 | D        | Found a blossoming altar of Fedhas.
    57 | D        | Found an opulent altar of Gozag.
    58 | D        | Found a hazy altar of Hepliaklqana.
    59 | D        | Found a viscous altar of Jiyva.
    60 | D        | Found an ancient bone altar of Kikubaaqudgha.
    61 | D        | Found a corrupted altar of Lugonu.
    62 | D        | Found a burning altar of Makhleb.
    63 | D        | Found a sparkling altar of Nemelex Xobeh.
    64 | D        | Found an iron altar of Okawaru.
    65 | D        | Found a stormy altar of Qazlal.
    66 | D        | Found a sacrificial altar of Ru.
    67 | D        | Found a deep blue altar of Sif Muna.
    68 | D        | Found a bloodstained altar of Trog.
    69 | D        | Found a hide-covered altar of Uskayaw.
    70 | D        | Found a radiant altar of Vehumet.
    72 | D        | Found a shimmering altar of Xom.
    73 | D        | Found a basalt altar of Yredelemnul.
    74 | D        | Found a glowing silver altar of Zin.
    75 | D        | Found a glowing golden altar of the Shining One.
    83 | D        | Became a worshipper of the Shining One
   108 | D        | Got the +2 scimitar "Lifebane" {holy, rPois rN+++ MR- Str+2}
   137 | D        | Noticed a hippogriff
   137 | D        | Noticed a water moccasin
   137 | D        | Noticed a big kobold
   137 | D        | Reached * piety under the Shining One
   137 | D        | Noticed an orc warrior
   143 | D        | Killed a hippogriff
   143 | D        | Reached skill level 6 in Fighting
   143 | D        | Reached skill level 5 in Long Blades
   143 | D        | Reached XP level 4. HP: 23/44 MP: 4/4
   143 | D        | Reached XP level 5. HP: 27/50 MP: 5/5
   148 | D        | Noticed an unseen horror
   150 | D        | Killed an unseen horror
   150 | D        | Reached skill level 8 in Fighting
   150 | D        | Reached XP level 6. HP: 18/62 MP: 6/6
   150 | D        | Reached XP level 7. HP: 20/69 MP: 7/7
   162 | D        | HP: 3/69 [orc warrior/scimitar (8)]
   192 | D        | Reached skill level 9 in Fighting
   192 | D        | Reached XP level 8. HP: 23/78 MP: 8/8
   438 | D        | Noticed a slime creature
   438 | D        | Reached ** piety under the Shining One
   449 | D        | Killed a slime creature
   574 | D        | Reached *** piety under the Shining One
   592 | D        | Reached skill level 10 in Fighting
   592 | D        | Reached skill level 5 in Dodging
   593 | D        | Reached **** piety under the Shining One
   597 | D        | Reached XP level 9. HP: 54/85 MP: 9/9
   892 | D        | Noticed a spiny frog
   892 | D        | Noticed a spiny frog
   892 | D        | Noticed a catoblepas
   898 | D        | Killed a spiny frog
   902 | D        | Killed a spiny frog
   902 | D        | Reached skill level 11 in Fighting
   902 | D        | Reached skill level 10 in Long Blades
   906 | D        | Reached ***** piety under the Shining One
   907 | D        | Slain by a catoblepas

Skill      XL: |  1  2  3  4  5  6  7  8  9 |
---------------+----------------------------+-----
Long Blades    | 2 5 7 9 10 | 10.0
Fighting       | 4 6 8 9 10 11 | 11.0
Armour         | 3 4 6 7 8 |  8.5
Dodging        | 1 2 4 5 |  5.6
Shields        | 3 4 6 7 8 |  8.5

Action                   |  1- 3 |  4- 6 |  7- 9 || total
-------------------------+-------+-------+-------++-------
Melee: Long sword        |    25 |       |       ||    25
       Kick              |     6 |     1 |    19 ||    26
       Scimitar          |     6 |     7 |    91 ||   104
  Use: Potion            |     1 |       |     1 ||     2
Armor: Scale mail        |    23 |       |       ||    23
       Chain mail        |    11 |     3 |    27 ||    41
Dodge: Dodged            |     2 |     1 |     9 ||    12
Block: Shield            |    16 |     6 |    33 ||    55
       Rpst.: Scimitar   |     1 |       |     5 ||     6
